Unix NetHack Version 5.0.0-0 post-release - last build May 17 2026 04:57:42 (dc50c8380fa5e20985bfe3072449f57b8d9895ef,branch:main).

Game began 2026-05-17 17:19:09, ended 2026-05-17 17:56:40.

Ackbladder, neutral male gnomish Wizard

   --------
   |......|
   |...@).+
   ----a---#
       #####
          ##
          ###

Ackbladder the Thaumaturge  St:12 Dx:12 Co:16 In:19 Wi:10 Ch:8  Neutral
Dlvl:8  $:60 HP:0(42) Pw:8(42) AC:6  Xp:6 T:5039  Satiated Burdened

Latest messages:
 In what direction? 3
 The spell misses the giant ant.
 The giant ant bites!
 The giant ant bites!
 The giant ant bites!
 The giant ant misses!
 In what direction? 3
 The spell hits the giant ant!
 You kill the giant ant!
 You see here a giant ant corpse.
 There is a giant ant corpse here; eat it? [ynq] (n) y
 This giant ant corpse is stringy.
 Cheops drops a rock.
 You finish eating the giant ant corpse.
 You fall down the stairs.
 You see here a pyramidal amulet.
 Your knapsack cannot accommodate any more items.
 In what direction? 6
 The spell misses the fire ant.
 The fire ant bites!
 The fire ant bites again!
 You avoid harm.
 In what direction? 6
 The spell hits the fire ant!
 The fire ant bites!
 The fire ant bites again!
 You avoid harm.
 The fire ant bites!
 The fire ant bites again!
 You avoid harm.
 The fire ant bites!
 The fire ant bites again!
 You avoid harm.
 In what direction? 6
 The spell hits the fire ant!
 You kill the fire ant!
 You see here a pyramidal amulet.
 Your knapsack cannot accommodate any more items.
 What do you want to eat? [stu or ?*] u
 This satiates your stomach!
 You finish eating the food ration.
 What do you want to drop? [$a-zA-Z or ?*] M
 You drop a dagger.
 You have a little trouble lifting M - a pyramidal amulet.
 The fire ant bites!
 The fire ant bites again!
 You're on fire!
 You die...
 Do you want your possessions identified? [ynq] (y) y
 Do you want to see your attributes? [ynq] (y) q

Inventory:
 Coins    ('$')
  $ - 60 gold pieces
 Amulets  ('"')
  M - a cursed amulet of change
  I - an uncursed amulet of life saving
  w - an uncursed amulet versus poison
 Weapons  (')')
  U - 2 +0 elven daggers
  a - a blessed +1 quarterstaff (weapon in hands)
 Armor    ('[')
  S - an uncursed +0 helmet
  A - an uncursed +0 alchemy smock with text "Don't make me poison you"
  b - an uncursed +0 cloak of magic resistance (being worn)
  D - an uncursed +1 leather armor (being worn)
 Comestibles  ('%')
  u - 5 uncursed food rations
  t - an uncursed sprig of wolfsbane
  s - 2 uncursed tripe rations
 Scrolls  ('?')
  p - an uncursed scroll of confuse monster
  H - an uncursed scroll of create monster
  V - an uncursed scroll of enchant weapon
  L - an uncursed scroll of food detection
  j - 2 uncursed scrolls of identify
  G - an uncursed scroll of identify
  k - 3 uncursed scrolls of light
  i - an uncursed scroll of taming
  T - an uncursed scroll of teleportation
 Spellbooks  ('+')
  l - an uncursed spellbook of detect treasure
  m - a blessed spellbook of force bolt
  r - an uncursed spellbook of healing
  B - an uncursed spellbook of healing
  v - an uncursed spellbook of remove curse
 Potions  ('!')
  q - an uncursed potion of extra healing
  x - an uncursed potion of fruit juice
  P - a cursed potion of gain ability
  R - a cursed potion of gain energy
  g - an uncursed potion of gain level
  z - a blessed potion of healing
  Q - 2 uncursed potions of healing
  h - a blessed potion of levitation
  o - an uncursed potion of monster detection
  F - an uncursed potion of object detection
  Y - an uncursed potion of restore ability
  K - an uncursed potion of sleeping
  f - 2 uncursed potions of speed
 Rings    ('=')
  d - an uncursed +1 ring of gain strength
  X - an uncursed ring of poison resistance
  C - an uncursed ring of polymorph control
  e - an uncursed ring of searching (on right hand)
 Wands    ('/')
  N - a wand of lightning (0:5)
  c - a wand of polymorph (0:8)
  W - a wand of undead turning (0:4)
 Tools    ('(')
  O - an uncursed blindfold
  J - an uncursed leash
  y - an uncursed lock pick
  n - a magic marker (0:19)
  E - an uncursed tin whistle
  Z - an uncursed tin whistle

Ackbladder the Wizard's attributes:

Background:
 You were a Thaumaturge, a level 6 male gnomish Wizard.
 You were neutral, on a mission for Thoth
 who was opposed by Ptah (lawful) and Anhur (chaotic).
 You were right-handed.
 You were in the Dungeons of Doom, on level 8.
 You entered the dungeon 5039 turns ago.
 There was a new moon in effect when your adventure ended.
 You had 488 experience points, 152 more were needed to attain level 7.

Basics:
 You had 0 out of 42 hit points.
 You had 8 out of 42 energy points (spell power).
 Your armor class was 6.
 Your wallet contained 60 zorkmids.
 Autopickup was off.

Final Characteristics:
 Your strength was 12 (limit:18/50).
 Your dexterity was 12 (peak:13, limit:18).
 Your constitution was 16 (limit:18).
 Your intelligence was 19 (limit:19).
 Your wisdom was 10 (limit:18).
 Your charisma was 8 (limit:18).

Final Status:
 You were satiated.
 You were burdened; movement was slightly slowed.
 You were wielding a quarterstaff.
 You had basic skill with quarterstaff and could have enhanced that.

Final Attributes:
 You were piously aligned.
 You were magic-protected.
 You were telepathic.
 You had automatic searching.
 You had infravision.
 You were warded.
 You are dead.

Miscellaneous:
 You didn't encounter any bones levels.
 Total elapsed playing time was 37 minutes and 31 seconds.

Major events:
 Turn
    1: Ackbladder the neutral male gnomish Wizard entered the dungeon
 1248: attained the rank of Conjurer (level 3)
 1710: entered the Gnomish Mines
 4327: attained the rank of Thaumaturge (level 6)
 5039: killed by a fire ant

Spells:
 Name                 Level Category     Fail Retention
 force bolt             1   attack         0%   71%-80%
 healing                1   healing        0%   51%-75%
 remove curse           3   clerical      63%  76%-100%
 detect treasure        4   divination    93%  76%-100%

Skills:
 Fighting Skills
   bare handed combat [Unskilled]
   riding             [Unskilled]
 Weapon Skills
   dagger             [Unskilled]
   knife              [Unskilled]
   axe                [Unskilled]
   short sword        [Unskilled]
   club               [Unskilled]
   mace               [Unskilled]
   quarterstaff       [Basic]
   polearms           [Unskilled]
   spear              [Unskilled]
   trident            [Unskilled]
   sling              [Unskilled]
   dart               [Unskilled]
   shuriken           [Unskilled]
 Spellcasting Skills
   attack spells      [Basic]
   healing spells     [Unskilled]
   divination spells  [Unskilled]
   enchantment spells [Basic]
   clerical spells    [Unskilled]
   escape spells      [Unskilled]
   matter spells      [Unskilled]

Voluntary challenges:
 Character rerolling was not enabled.
 You never genocided any monsters.
 You never polymorphed an object.
 You never changed form.
 You used no wishes.
Achievements:
 You entered a shop.
 You attained the rank of Conjurer.
 You entered the Gnomish Mines.
 You attained the rank of Thaumaturge.

 The Dungeons of Doom: levels 1 to 8
    Level 1:
       A fountain, a sink.
    Level 2:
       Some fountains.
    Level 3:
       A general store, a sink.
    Level 4:
       A fountain.
       Stairs down to The Gnomish Mines.
    Level 5:
       A general store, a fountain.
    Level 6:
       Some fountains.
    Level 7:
    Level 8: <- You were here.
       Final resting place for
          you, killed by a fire ant.
 The Gnomish Mines:
    Level 5:


Vanquished creatures:
  3 small mimics
  a dingo
  a blue jelly
  a gnome mummy
  a human zombie
  a fire ant
  a wood nymph
  a rock mole
  a fog cloud
  a yellow light
  a kobold mummy
 an elf zombie
  4 giant ants
  2 floating eyes
  a homunculus
  6 rothes
  a giant bat
 an orc zombie
  a dwarf zombie
  3 iguanas
 an acid blob
  a coyote
  2 gas spores
  3 hobbits
  2 manes
  5 giant rats
  a yellow mold
  a gnome
  6 garter snakes
  a gnome zombie
  a gecko
  2 jackals
  a kobold
  a goblin
  7 sewer rats
  8 grid bugs
  5 lichens
  6 newts
87 creatures vanquished.

No species were genocided or became extinct.

Game over:
                       ----------
                      /          \
                     /    REST    \
                    /      IN      \
                   /     PEACE      \
                  /                  \
                  |    Ackbladder    |
                  |      60 Au       |
                  | killed by a fire |
                  |       ant        |
                  |                  |
                  |                  |
                  |       2026       |
                 *|     *  *  *      | *
        _________)/\\_//(\/(/\)/\//\/|_)_______

Goodbye Ackbladder the Wizard...

You died in The Dungeons of Doom on dungeon level 8 with 2356 points,
and 60 pieces of gold, after 5039 moves.
You were level 6 with a maximum of 42 hit points when you died.

